AoeStats
← jsop-0000q2

Arabian Desert

509870167Analyzed
1v1 RM · 2d ago on Sep 28, 2026· 33m 43s· 2 players
Game mode
Random Map
Map size
Tiny (2 player)
Population
200
Speed
Normal
Resources
Standard
Victory
Conquest
Starting age
Dark Age
Ending age
Imperial Age
RankedLock teamsTeams togetherTeam positionsShared explorationLock speedFull tech treeHidden civsTurbo modeCheats
Victory
Defeat
🇰🇷 Vietnamese · South Korea
1111
+17
🇨🇳 Saxons · China
1125
-17
jsop-0000q2
3:28 Loom
10:39 Feudal Age
10:59 Man-at-Arms
11:26 Arson
13:32 Horse Collar
15:11 Double-Bit Axe
15:17 Gold Mining
18:29 Fletching
18:40 Scale Mail Armor
19:23 Padded Archer Armor
25:16 Castle Age
24:04 Scale Barding Armor
24:09 Forging
23:52 Stone Mining
24:49 Bloodlines
25:26 Long Swordsman
26:22 Heavy Plow
27:11 Bow Saw
27:48 Light Cavalry
28:43 Squires
29:36 Wheelbarrow
28:46 Town Watch
29:27 Husbandry
31:46 Stone Shaft Mining
31:51 Hand Cart
31:37 Crossbowman
32:42 Bodkin Arrow
34:36 Chain Barding Armor
34:51 Iron Casting
变
2:47 Loom
11:12 Feudal Age
21:42 Castle Age
26:55 Scale Mail Armor
27:58 Double-Bit Axe
31:06 Crossbowman
32:30 Padded Archer Armor
Connection lost

Rejoining the realm…

Still unreachable

The connection could not be restored.

Session expired

The server has moved on; the page needs a fresh start.